 Dungeon Crawl Stone Soup version 0.30-a0-1164-ge08a67761e (webtiles) character file.

Game seed: 7692139111177575757

29 jasper the Magician (level 3, -1/19 HPs)
             Began as a Deep Elf Earth Elementalist on Apr 29, 2023.
             Slain by Jessica
             ... wielding a +0 club
              (3 damage)
             ... on level 2 of the Dungeon.
             The game lasted 00:02:38 (1446 turns).

jasper the Magician (Deep Elf Earth Elementalist)   Turns: 1446, Time: 00:02:39

Health: -1/19      AC:  2    Str:  5    XL:     3   Next: 1%
Magic:  7/10       EV: 12    Int: 21    God:
Gold:   103        SH:  0    Dex: 15    Spells: 4/10 levels left

rFire   . . .        i - +2 whip (venom)
rCold   . . .        f - orb {light}
rNeg    . . .        a - +0 robe
rPois   .            (no helmet)
rElec   .            (no cloak)
rCorr   .            (no gloves)
SInv    .            (no boots)
Will    .....        (no amulet)
Stlth   +            (no ring)
HPRegen 0.23/turn    (no ring)
MPRegen 0.12/turn

%: no passive effects
@: glowing
A: no striking features
a: no special abilities


You were on level 2 of the Dungeon.
You visited 1 branch of the dungeon, and saw 2 of its levels.

You collected 103 gold pieces.

Inventory:

Hand Weapons
 i - a +2 whip of venom (weapon)
Missiles
 d - 4 curare-tipped darts
Armour
 a - a +0 robe (worn)
 f - an orb of light (worn)
Jewellery
 e - a ring of positive energy
Scrolls
 j - a scroll of noise {unknown}
Potions
 b - a potion of magic
 c - a potion of might {unknown}
 g - a potion of mutation {unknown}
 h - 2 potions of heal wounds {unknown}


   Skills:
 - Level 2.4 Dodging
 - Level 2.4 Stealth
 + Level 4.0 Spellcasting
 + Level 0.0 Conjurations
 - Level 1.1 Transmutations
 + Level 4.0 Earth Magic


You had 4 spell levels left.
You knew the following spells:

 Your Spells              Type           Power      Damage    Failure   Level
a - Sandblast             Erth           42%        2d11      2%          1
b - Passwall              Tmut/Erth      12%        N/A       6%          2
c - Stone Arrow           Conj/Erth      24%        3d8       16%         3

Your spell library contained the following spells:

 Spells                   Type           Power      Damage    Failure   Level
 Petrify                  Tmut/Erth      15%        N/A       38%         4


Dungeon Overview and Level Annotations

Branches:
Dungeon (2/15)

Altars:

Annotations:
D:2 Jessica


Message History

You finish memorising.
Spell assigned to 'c'.
You see here a quokka corpse.
h - 2 fizzy puce potions (gained 1)
A rat comes into view.
MP restored: 10
Aiming: Sandblast (safe; 2% risk of failure)
Press: ? - help, Q - select action, (/) - cycle Shift-Dir - straight line, f - rat
Aim: a rat (83% to hit)
The blast of sand hits the rat!
You kill the rat!
You now have 9/10 mp.
Jessica the Apprentice Sorceress comes into view.
She is wielding a +0 club.
You see here a scroll labelled HEIXZI XEGE.
MP restored: 10 Jessica is nearby!
Jessica points at you and mumbles some strange words.
Pain shoots through your body!
You take 5 damage, and have 14/19 hp.
MASSIVE DAMAGE!!
Aiming: Sandblast (safe; 2% risk of failure)
Press: ? - help, Q - select action, (/) - cycle Shift-Dir - straight line, f - Jessica
Aim: Jessica, wielding a +0 club and wearing a +0 robe (haloed, 87% to hit)
The blast of sand hits Jessica but does no damage.
Jessica gestures at you while chanting. Pain shoots through your body!
Ouch! That really hurt!
* * * LOW HITPOINT WARNING * * *
You take 13 damage, and have 1/19 hp.
MASSIVE DAMAGE!!
You now have 9/10 mp.
Okay, then.
Aiming: Sandblast (safe; 2% risk of failure)
Press: ? - help, Q - select action, (/) - cycle Shift-Dir - straight line, f/p - Jessica
Aim: Jessica, wielding a +0 club and wearing a +0 robe (haloed, 87% to hit)
The blast of sand misses Jessica.
You now have 8/10 mp.
Aiming: Sandblast (safe; 2% risk of failure)
Press: ? - help, Q - select action, (/) - cycle Shift-Dir - straight line, f/p - Jessica
Aim: Jessica, wielding a +0 club and wearing a +0 robe (haloed, 87% to hit)
The blast of sand hits Jessica!
Jessica is almost dead.
Jessica hits you with a +0 club.
You die...

....#
#............#
#####
#####........#
#............#
#.........####
#..^......#####
#.............#
###...#.?.....#
#...#.......#
#...#...@...#
#####...@...#
#.......#
#........#
#####....#
....# ....#
....#


You could see Jessica.

Vanquished Creatures
  2 dart slugs (D:1)
  5 endoplasms
  A giant cockroach (D:1)
  4 goblins
  2 hobgoblins (D:1)
  2 quokkas
  A ball python (D:1)
  3 bats (D:1)
  3 rats
23 creatures vanquished.

Notes
Turn   | Place    | Note
-------+----------+-------------------------------------------
     0 | D:1      | jasper the Deep Elf Earth Elementalist began the quest for
                  | the Orb.
     0 | D:1      | Reached XP level 1. HP: 10/10 MP: 6/6
   374 | D:1      | Reached XP level 2. HP: 15/15 MP: 6/8
   377 | D:1      | Learned a level 2 spell: Passwall
  1400 | D:2      | Reached XP level 3. HP: 19/19 MP: 8/10
  1404 | D:2      | Learned a level 3 spell: Stone Arrow
  1441 | D:2      | Noticed Jessica
  1446 | D:2      | Slain by Jessica

Illustrated notes

Levels and vault maps discovered:
D:1:      psy_arrival_basics, layout_basic
D:2:      layout_basic, uniq_jessica

Skill      XL: |  1  2 |
---------------+-------+-----
Spellcasting   | 4 |  4.0
Earth Magic    | 4 |  4.0
Dodging        | |  2.4
Stealth        | |  2.4
Transmutations | |  1.1

Action                     || total
---------------------------++-------
  Throw: Stone             ||     7
   Cast: Sandblast         ||    36
    Use: Scroll            ||     1
 Armour: Robe              ||     2
  Dodge: Dodged            ||    11

Table legend: (Time is in decaauts)
 A = Elapsed time spent in this place.
 B = Non-inter-level travel time spent in this place.
 C = Inter-level travel time spent in this place.
 D = Time resting spent in this place.
 E = Time spent auto-exploring this place.
 F = Levels seen in this place.
 G = Mean time per level.
                   A        B        C        D        E       F      G
               +--------+--------+--------+--------+--------+-----+--------+
         Total |   1463 |   1389 |     74 |    104 |   1089 |   2 |  731.5 |
       Dungeon |   1463 |   1389 |     74 |    104 |   1089 |   2 |  731.5 |
               +--------+--------+--------+--------+--------+-----+--------+

Top non-repeatable levels by time:
     D:1: 1258 daAuts
     D:2: 205 daAuts
